 Dungeon Crawl Stone Soup version 0.28.0-62-gf88900778d (webtiles) character file.

Game seed: 13832571369546473611

32472 browni3141 the Spear-Bearer (level 14, -2/100 HPs)
             Began as a Human Enchanter on Feb 26, 2023.
             Was a High Priest of Nemelex Xobeh.
             Slain by a komodo dragon (9 damage)
             ... while petrified by a basilisk
             ... on level 5 of the Lair of Beasts.
             The game lasted 01:11:14 (31401 turns).

browni3141 the Spear-Bearer (Human Enchanter)      Turns: 31401, Time: 01:11:15

Health: -2/100     AC: 16    Str:  8    XL:     14   Next: 2%
Magic:  12/21      EV: -1    Int: 20    God:    Nemelex Xobeh [*****.]
Gold:   648        SH:  0    Dex: 15    Spells: 2/23 levels left

rFire   + . .      SeeInvis .   a - +6 halberd (freeze)
rCold   . . .      Faith    .   (shield currently unavailable)
rNeg    + + +      Spirit   .   t - +1 ring mail of Fezuh {rF+}
rPois   ∞          Reflect  .   E - +2 hat
rElec   .          Harm     .   w - +0 cloak
rCorr   .          Rampage  .   M - +0 pair of gloves
Will    +....                   j - +0 pair of boots
Stlth   ++........              K - amulet of the acrobat
HPRegen 0.26/turn               O - +4 ring of protection
MPRegen 0.17/turn               L - ring of flight

@: lethally poisoned (-2 -> -2), petrified, flying, constricted
A: no striking features
a: Renounce Religion, Draw Escape, Draw Destruction, Draw Summoning, Triple
Draw, Deal Four, Stack Five


You were on level 5 of the Lair of Beasts.
You worshipped Nemelex Xobeh.
Nemelex Xobeh was extremely pleased with you.
You visited 3 branches of the dungeon, and saw 17 of its levels.
You also visited: Ice Cave.

You collected 1219 gold pieces.
You spent 571 gold pieces at shops.


   Skills:
 - Level 6.0 Fighting
 - Level 1.0 Short Blades
 + Level 10.8 Polearms
 - Level 4.0 Armour
 - Level 6.0 Dodging
 - Level 5.0 Stealth
 - Level 5.0 Shields
 - Level 5.0 Spellcasting
 - Level 5.0 Conjurations
 - Level 10.0 Hexes
 - Level 4.0 Summonings
 - Level 9.0 Ice Magic
 - Level 4.0 Air Magic
 - Level 6.0 Invocations
 - Level 3.0 Evocations


You had 2 spell levels left.
You knew the following spells:

 Your Spells              Type           Power      Damage    Failure   Level
b - Summon Ice Beast      Ice/Summ       31%        N/A       22%         4
d - Tukima's Dance        Hex            45%        N/A       1%          3
f - Dazzling Flash        Conj/Hex       70%        N/A       4%          3
i - Swiftness             Air            21%        N/A       19%         3
o - Confusing Touch       Hex            45%        N/A       1%          3
z - Ensorcelled Hibernat  Hex/Ice        86%        N/A       1%          2
X - Frozen Ramparts       Ice            82%        1d10      2%          3

Your spell library contained the following spells:

 Spells                   Type           Power      Damage    Failure   Level
 Magic Dart               Conj           100%       1d8       4%          1
 Shock                    Conj/Air       92%        1d8       4%          1
 Searing Ray              Conj           50%        2d6       6%          2
 Poisonous Vapours        Pois/Air       26%        N/A       22%         2
 Sting                    Tmut/Pois      20%        1d4       32%         1
 Fulminant Prism          Conj/Hex       17%        3d11      14%         4
 Ice Form                 Ice/Tmut       23%        N/A       45%         4
 Airstrike                Air            10%        N/A       52%         4
 Freezing Cloud           Conj/Ice/Air   14%        6-21      58%         5
 Yara's Violent Unravell  Hex/Tmut       12%        3d7       75%         5
 Olgreb's Toxic Radiance  Pois           5%         N/A       97%         4
 Passage of Golubria      Tloc           5%         N/A       97%         4
 Simulacrum               Ice/Necr       11%        N/A       100%        6
 Polar Vortex             Ice            20%        N/A       100%        9

Inventory:

Hand Weapons
 a - a +6 halberd of freezing (weapon)
 b - a +4 halberd of venom
 c - a +0 spear
 n - a +0 trident
 R - a +4 trident
Armour
 j - a +0 pair of boots (worn)
 s - +0 acid dragon scales
 t - the +1 ring mail of Fezuh (worn) {rF+}
   (You bought it in a shop on level 7 of the Dungeon)

   rF:        It protects you from fire.
 w - a +0 cloak (worn)
 E - a +2 hat (worn)
 M - a +0 pair of gloves (worn)
Jewellery
 f - a ring of fire
 o - a +4 ring of protection
 C - a ring of ice
 F - a ring of fire
 G - an amulet of guardian spirit
 K - an amulet of the acrobat (around neck)
 L - a ring of flight (right hand)
 O - a +4 ring of protection (left hand)
 S - a +6 ring of strength
Wands
 l - a wand of iceblast (7)
 p - a wand of paralysis (11)
 D - a wand of polymorph (3)
 N - a wand of flame (3)
Scrolls
 e - 2 scrolls of magic mapping
 i - 3 scrolls of vulnerability {!r}
 k - 3 scrolls of fog {@r5}
 q - a scroll of amnesia {unknown}
 r - 6 scrolls of teleportation {@r4}
 v - 6 scrolls of immolation {!r}
 y - a scroll of summoning
 A - 2 scrolls of noise {unknown}
 B - a scroll of fear
 H - 3 scrolls of enchant armour {unknown}
 Q - 2 scrolls of holy word {unknown}
Potions
 d - 4 potions of flight
 g - 3 potions of attraction {!q}
 m - 2 potions of degeneration {!q}
 u - 3 potions of mutation {!q}
 x - 4 potions of haste {@q3}
 z - 2 potions of brilliance
 I - 2 potions of resistance
 J - 2 potions of curing {@q1}
 P - 2 potions of might
 T - a potion of magic {unknown}

Dungeon Overview and Level Annotations

Branches:
Dungeon (10/15)            Temple (1/1) D:4            Lair (6/6) D:10
 Shoals (0/4) Lair:2        Snake (0/4) Lair:2        IceCv (visited)
  Slime: Lair:5-6       Orc: D:9-12

Altars:
Ashenzari
Cheibriados
Dithmenos
Elyvilon
Fedhas
Gozag
Hepliaklqana
Kikubaaqudgha
Makhleb
Nemelex Xobeh
Okawaru
Qazlal
Ru
Sif Muna
Trog
Uskayaw
Vehumet
Wu Jian
Xom
Yredelemnul
Zin
The Shining One
Beogh

Shops:
D:2 :   D:7 [?   D:8 *

Portals:
Trove: D:10 (show slimy rune of Zot)

Annotations:
D:4 1 runed translucent door, Crazy Yiuf
D:10 exclusion: hydra

....##..............#............
.#....##............#............
..#..#.P.............#...........
P................................
......##.......#.#..#.......###..
.#..#.........###..##.......###..
####.###.......#.#.P.........##..
..###..#....................##...
...............l@...........#..#.
...............N.l...............
.................................
...........................PP...#
........<.....#.PP##.#....P...###
.............#########....######.
.###..##......###.#####...###...#
#.#...###.....##.....#.....##...#
.........#...##...........####...


You could see a komodo dragon (slow), a basilisk (misshapen) and a naga
(misshapen).


Message History

You are slowing down.
The wall freezes the naga.
The naga spits poison at you.
The splash of poison hits you but does no damage.
You are more poisoned.
The frozen ramparts melt away.
You fly upwards.
You feel very sick.
You have turned to stone.
The basilisk gazes at you. The naga hits you but does no damage.
The naga grabs you. The naga constricts you.
* * * LOW HITPOINT WARNING * * *
The komodo dragon bites you!!
* * * LOW HITPOINT WARNING * * *
The basilisk bites you but does no damage.
The naga hits you.
* * * LOW HITPOINT WARNING * * *
The naga constricts you. The komodo dragon bites you.
* * * LOW HITPOINT WARNING * * *
The basilisk bites you.
* * * LOW HITPOINT WARNING * * *
The naga hits you but does no damage. The naga constricts you.
The basilisk gazes at you.
You easily resist.
The naga hits you but does no damage. The naga constricts you.
* * * LOW HITPOINT WARNING * * *
The komodo dragon bites you!!
You die...
Your body glows slightly and disappears.

Skill      XL: |  1  2  3  4  5  6  7  8  9 10 11 12 13 |
---------------+----------------------------------------+-----
Fighting       | 1 2 4 5 6 |  6.0
Ice Magic      | 1 3 4 6 9 |  9.0
Shields        | 1 2 4 5 |  5.0
Hexes          | 4 5 7 8 10 | 10.0
Invocations    | 1 3 4 5 6 |  6.0
Conjurations   | 1 3 5 |  5.0
Dodging        | 3 4 5 6 |  6.0
Polearms       | 2 7 8 9 10 | 10.8
Stealth        | 4 5 |  5.0
Spellcasting   | 4 5 |  5.0
Armour         | 1 4 |  4.0
Evocations     | 1 2 3 |  3.0
Summonings     | 3 4 |  4.0
Air Magic      | 2 4 |  4.0
Short Blades   | |  1.0

Action                   |  1- 3 |  4- 6 |  7- 9 | 10-12 | 13-15 || total
-------------------------+-------+-------+-------+-------+-------++-------
Melee: Dagger            |   121 |   187 |   124 |       |       ||   432
       Short sword       |       |       |   195 |       |       ||   195
       Spear             |       |       |    63 |   397 |       ||   460
       Trident           |       |       |       |   252 |       ||   252
       Halberd           |       |       |       |   222 |   166 ||   388
 Cast: Ensorcelled Hiber |     7 |    34 |    31 |    15 |     2 ||    89
       Tukima's Dance    |       |     5 |    17 |    46 |       ||    68
       Confusing Touch   |       |     2 |    23 |    25 |     2 ||    52
       Frozen Ramparts   |       |       |       |    45 |    32 ||    77
       Dazzling Flash    |       |       |       |     4 |       ||     4
       Summon Ice Beast  |       |       |       |       |    15 ||    15
Invok: Draw Destruction  |       |       |     2 |     2 |    12 ||    16
       Draw Summoning    |       |       |     2 |     2 |       ||     4
       Deal Four         |       |       |       |       |     1 ||     1
Evoke: Wand              |       |     3 |     5 |    20 |     2 ||    30
  Use: Potion            |       |       |     6 |     4 |     2 ||    12
       Scroll            |       |       |    11 |     9 |     4 ||    24
 Stab: Sleeping          |    16 |    19 |    13 |     3 |     2 ||    53
       Paralysed         |       |     6 |     2 |     4 |       ||    12
       Confused          |       |     2 |    20 |    42 |     1 ||    65
       Invisible         |       |       |     2 |     4 |       ||     6
       Distracted        |       |       |     2 |     2 |       ||     4
       Petrifying        |       |       |     1 |       |       ||     1
Armor: Robe              |    18 |    29 |    32 |       |       ||    79
       Leather armour    |       |       |     9 |   148 |       ||   157
       Ring mail         |       |       |       |   103 |    62 ||   165
Dodge: Dodged            |    64 |   102 |   207 |   374 |   133 ||   880
Block: Buckler           |    17 |    36 |    71 |   121 |       ||   245

Levels and vault maps discovered:
D:1:      dpeg_arrival_rooms_c, layout_loops_cross,
          hellmonk_ecumenical_altar_defaced_shrine
D:2:      layout_loops_ring, serial_shops, nicolae_shop_stone,
          wad_floor_pattern_1, amcnicky_mini_pool_small
D:3:      gammafunk_wand_slinger, layout_loops_cross, grunt_gozag_breadcrumbs,
          grunt_temple_overflow_open
D:4:      layout_basic, minmay_temple_entry_trees, uniq_crazy_yiuf_cottage
D:5:      layout_layer_cave, guppyfry_early_lair_pool
D:6:      layout_loops_cross, uniq_grinder
D:7:      layout_basic, overflow_temple_1_default,
          mainiacjoe_overflow_tiny_flanked, kennysheep_little_box, serial_glass,
          glass_columns_c, glass_columns_c, serial_shops, shop_statue, shop
D:8:      minmay_chambers_of_sevens, layout_basic, serial_park_tiny_pond,
          nicolae_shop_gadgets, uniq_pikel
D:9:      layout_loops_corners, eat_drink_and_be_merry_uskayaw, nicolae_wwwww,
          minmay_hedge_maze, minmay_misc_feat_diagonals,
          kennysheep_small_circle, uniq_psyche
D:10:     layout_irregular_city, nicolae_wu_jian_wuxing_cycle,
          ashenzari_conservatory_becter, minmay_lair_entry_grove, enter_trove_0,
          minivault_4
Temple:   jpeg_temple_island
Lair:1:   layout_layer_cave
Lair:2:   layout_cave_pods, elwin_shoals_entry_rooms, dummy_snake_entry,
          roderic_batcave, nicolae_lair_grazing_beasts
          [nicolae_sub_lair_graze_edge, nicolae_sub_lair_graze_edge,
          nicolae_sub_lair_graze_edge, nicolae_sub_lair_graze_edge],
          serial_bayou_shore_a, uniq_sonja
Lair:3:   layout_cave_pods, portal_ice_cave_entry_pillars_1, serial_bayou_pond_c
Lair:4:   layout_gridlike, uniq_josephine
Lair:5:   layout_regular_city, serial_forest, infiniplex_forest_clump_double,
          infiniplex_forest_clump_medium, infiniplex_forest_lined_corner,
          infiniplex_forest_clump_cross, infiniplex_forest_clump_double,
          infiniplex_forest_lined_2, infiniplex_forest_lined_room_3
Lair:6:   grunt_lair_end_beastmaster, layout_gridlike, slime_altar_1,
          st_stairs_11, infiniplex_staircase_pool, serial_bayou_shore_b,
          grunt_megastairs_2, lemuel_fruit_tree

Notes
Turn   | Place    | Note
-------+----------+-------------------------------------------
     0 | D:1      | browni3141 the Human Enchanter began the quest for the Orb.
     0 | D:1      | Reached XP level 1. HP: 13/13 MP: 3/3
   271 | D:1      | Reached skill level 1 in Fighting
   286 | D:1      | Reached XP level 2. HP: 21/21 MP: 5/5
   510 | D:1      | Reached skill level 2 in Fighting
   590 | D:1      | Learned a level 2 spell: Ensorcelled Hibernation
   602 | D:1      | Reached XP level 3. HP: 28/28 MP: 6/6
   622 | D:1      | Learned a level 3 spell: Tukima's Dance
   750 | D:1      | Found a faded altar of an unknown god.
  1380 | D:2      | Reached skill level 1 in Ice Magic
  1698 | D:2      | Reached XP level 4. HP: 34/34 MP: 7/7
  1728 | D:2      | Found Tiaci's Book Boutique.
  2209 | D:3      | Found a transporter.
  2252 | D:3      | Reached skill level 1 in Shields
  2316 | D:3      | Found a transporter.
  2350 | D:3      | Found a basalt altar of Yredelemnul.
  2351 | D:3      | Found a hazy altar of Hepliaklqana.
  2352 | D:3      | Found a bloodstained altar of Trog.
  2352 | D:3      | Found an ancient bone altar of Kikubaaqudgha.
  2402 | D:3      | Found a blossoming altar of Fedhas.
  2402 | D:3      | Found a glowing golden altar of the Shining One.
  2929 | D:3      | Reached XP level 5. HP: 39/39 MP: 2/8
  3227 | D:3      | Found an opulent altar of Gozag.
  3556 | D:4      | Found a staircase to the Ecumenical Temple.
  3631 | D:3      | Reached skill level 2 in Shields
  3631 | D:3      | Reached skill level 2 in Ice Magic
  3917 | Temple   | Entered the Ecumenical Temple
  4137 | Temple   | Became a worshipper of Nemelex Xobeh the Trickster
  4181 | D:4      | Noticed a phantom
  4214 | D:4      | Killed a phantom
  4215 | D:4      | Reached skill level 3 in Ice Magic
  4215 | D:4      | Reached XP level 6. HP: 38/46 MP: 6/9
  4434 | D:4      | Learned a level 3 spell: Confusing Touch
  4525 | D:4      | Reached skill level 4 in Hexes
  4982 | D:4      | Found a runed translucent door.
  4983 | D:4      | Noticed Crazy Yiuf
  5066 | D:4      | Reached skill level 4 in Ice Magic
  5485 | D:5      | Entered Level 5 of the Dungeon
  5610 | D:5      | Reached XP level 7. HP: 44/51 MP: 7/10
  5913 | D:5      | Reached skill level 5 in Hexes
  6172 | D:4      | Reached skill level 3 in Fighting
  6437 | D:5      | Reached skill level 4 in Fighting
  7052 | D:5      | Reached skill level 1 in Invocations
  7052 | D:5      | Reached XP level 8. HP: 48/60 MP: 8/11
  7731 | D:6      | Reached skill level 2 in Invocations
  7858 | D:6      | Reached skill level 6 in Hexes
  8233 | D:6      | Reached skill level 3 in Invocations
  8240 | D:6      | HP: 6/60 [poisoned by a water moccasin]
  8637 | D:6      | Identified the +0 leather armour "Bayfassuosm" {rC+}
  8664 | D:6      | Reached skill level 7 in Hexes
  9021 | D:6      | Learned a level 3 spell: Dazzling Flash
  9294 | D:6      | Reached * piety under Nemelex Xobeh
  9328 | D:6      | Reached skill level 1 in Conjurations
  9332 | D:6      | Reached XP level 9. HP: 25/65 MP: 7/12
  9564 | D:6      | Noticed Grinder
  9590 | D:6      | Killed Grinder
  9591 | D:6      | Reached skill level 4 in Invocations
  9780 | D:6      | Reached skill level 3 in Dodging
  9780 | D:6      | Reached skill level 3 in Shields
  9780 | D:6      | Reached skill level 2 in Conjurations
 10035 | D:7      | Found a shadowy altar of Dithmenos.
 10131 | D:7      | Received a gift from Nemelex Xobeh
 10231 | D:7      | Found Baugaja's Antique Armour Shop.
 10262 | D:7      | Found Daabib's Magic Scroll Emporium.
 10274 | D:7      | HP: 4/65 [white imp (4)]
 10585 | D:7      | Reached skill level 1 in Polearms
 10612 | D:7      | Found a snail-covered altar of Cheibriados.
 10953 | D:7      | Reached skill level 3 in Conjurations
 11188 | D:7      | Found a shimmering blue altar of Sif Muna.
 11233 | D:7      | Noticed a troll
 11595 | D:2      | Bought a book of Rime for 280 gold pieces
 11867 | D:5      | Reached skill level 8 in Hexes
 11900 | D:5      | Reached skill level 2 in Polearms
 11900 | D:5      | Reached skill level 4 in Stealth
 12220 | D:5      | Reached skill level 4 in Shields
 13118 | D:7      | Reached XP level 10. HP: 36/71 MP: 8/14
 13370 | D:8      | Reached skill level 3 in Polearms
 13524 | D:8      | Reached skill level 3 in Spellcasting
 13711 | D:8      | Reached skill level 5 in Stealth
 13993 | D:8      | Reached skill level 5 in Shields
 14003 | D:8      | Noticed Pikel
 14109 | D:8      | Killed Pikel
 14110 | D:8      | Reached skill level 5 in Polearms
 14110 | D:8      | Reached skill level 4 in Spellcasting
 14735 | D:8      | Learned a level 3 spell: Frozen Ramparts
 14830 | D:8      | Noticed a komodo dragon
 14851 | D:8      | Reached skill level 6 in Polearms
 14860 | D:8      | HP: 7/71 [centaur/arrow (1)]
 15301 | D:8      | Found Istotaj's Gadget Gallery.
 15695 | D:8      | Bought a wand of polymorph (4) for 66 gold pieces
 15788 | D:8      | Noticed a two-headed ogre
 16221 | D:8      | Killed a two-headed ogre
 16222 | D:8      | Reached skill level 7 in Polearms
 16222 | D:8      | Reached skill level 1 in Armour
 16422 | D:9      | Noticed Psyche
 16533 | D:8      | Killed Psyche
 16534 | D:8      | Reached skill level 1 in Evocations
 16534 | D:8      | Reached XP level 11. HP: 53/77 MP: 17/17
 16938 | D:9      | Reached skill level 2 in Armour
 16962 | D:9      | Noticed a two-headed ogre
 17221 | D:9      | Reached ** piety under Nemelex Xobeh
 17746 | D:9      | Found a hide-covered altar of Uskayaw.
 17747 | D:9      | Noticed a two-headed ogre
 17757 | D:9      | Killed a two-headed ogre
 17908 | D:9      | Reached skill level 5 in Ice Magic
 18039 | D:9      | Noticed a two-headed ogre
 18423 | D:9      | Reached skill level 2 in Evocations
 18983 | D:9      | Reached skill level 3 in Armour
 19133 | D:9      | Reached skill level 5 in Spellcasting
 19275 | D:9      | Killed a two-headed ogre
 19373 | D:9      | Killed a two-headed ogre
 19374 | D:9      | Reached skill level 4 in Dodging
 19374 | D:9      | Reached skill level 5 in Invocations
 20127 | D:7      | Bought an ancient ring mail for 225 gold pieces
 20127 | D:7      | Identified the +1 ring mail of Fezuh {rF+} (You bought it
                  | in a shop on level 7 of the Dungeon)
 20202 | D:10     | Entered Level 10 of the Dungeon
 20228 | D:10     | Received a gift from Nemelex Xobeh
 20447 | D:10     | Reached skill level 8 in Polearms
 20569 | D:10     | Reached skill level 5 in Fighting
 20569 | D:10     | Reached skill level 4 in Armour
 20988 | D:10     | Found a staircase to the Lair.
 21231 | D:10     | Noticed a four-headed hydra
 21304 | D:10     | Reached skill level 6 in Ice Magic
 21304 | D:10     | Reached XP level 12. HP: 86/86 MP: 16/19
 21345 | D:10     | Found an ornate altar of the Wu Jian Council.
 21363 | D:10     | Reached *** piety under Nemelex Xobeh
 21416 | D:10     | Reached skill level 3 in Evocations
 21495 | D:10     | Found a portal to a secret trove of treasure.
 21525 | D:10     | Found a broken altar of Ashenzari.
 22244 | Lair:1   | Entered Level 1 of the Lair of Beasts
 22317 | Lair:1   | Learned a level 4 spell: Summon Ice Beast
 22397 | Lair:1   | Reached skill level 1 in Summonings
 22994 | Lair:1   | Identified 2 potions of resistance
 23073 | Lair:1   | Reached skill level 6 in Invocations
 23081 | Lair:1   | Reached skill level 9 in Polearms
 23081 | Lair:1   | Reached skill level 5 in Dodging
 23689 | Lair:1   | Learned a level 3 spell: Swiftness
 23775 | Lair:2   | Noticed an eight-headed hydra
 23848 | Lair:1   | Reached skill level 2 in Summonings
 24079 | Lair:2   | Noticed Sonja
 24080 | Lair:2   | Noticed Sonja
 24080 | Lair:2   | Sonja changed into Sonja the wyvern
 24085 | Lair:2   | Killed Sonja the wyvern
 24091 | Lair:2   | Reached skill level 1 in Air Magic
 24471 | Lair:2   | Reached skill level 6 in Fighting
 24961 | Lair:2   | Found a staircase to the Snake Pit.
 25038 | Lair:2   | Reached skill level 2 in Air Magic
 25442 | Lair:2   | Reached **** piety under Nemelex Xobeh
 25635 | Lair:2   | Received a gift from Nemelex Xobeh
 25643 | Lair:2   | Reached skill level 3 in Summonings
 25662 | Lair:2   | Found a staircase to the Shoals.
 26133 | Lair:3   | Found a frozen archway.
 26155 | IceCv    | Entered an ice cave
 26254 | Lair:3   | Received a gift from Nemelex Xobeh
 26448 | Lair:3   | Noticed a five-headed hydra
 26456 | Lair:3   | Noticed a boulder beetle
 26479 | Lair:4   | Reached XP level 13. HP: 80/93 MP: 16/20
 26551 | Lair:4   | Received a gift from Nemelex Xobeh
 26563 | Lair:4   | Reached skill level 7 in Ice Magic
 26808 | Lair:4   | Reached ***** piety under Nemelex Xobeh
 26919 | Lair:4   | Noticed Josephine
 26926 | Lair:4   | Reached skill level 3 in Air Magic
 26970 | Lair:4   | Killed Josephine
 26971 | Lair:4   | Reached skill level 9 in Hexes
 27129 | Lair:4   | Received a gift from Nemelex Xobeh
 27154 | Lair:4   | Reached skill level 4 in Summonings
 27489 | Lair:4   | Received a gift from Nemelex Xobeh
 27639 | Lair:4   | Noticed a seven-headed hydra
 27655 | Lair:4   | Killed a seven-headed hydra
 27656 | Lair:4   | Reached skill level 10 in Polearms
 27656 | Lair:4   | Reached skill level 4 in Air Magic
 27835 | Lair:3   | Killed an eight-headed hydra
 27836 | Lair:3   | Reached skill level 6 in Dodging
 27969 | Lair:3   | Killed a five-headed hydra
 27970 | Lair:3   | Reached skill level 8 in Ice Magic
 28033 | Lair:3   | Noticed a five-headed hydra
 28043 | Lair:3   | Killed a five-headed hydra
 28419 | Lair:3   | Killed a boulder beetle
 28721 | Lair:5   | Reached skill level 10 in Hexes
 28836 | Lair:5   | Received a gift from Nemelex Xobeh
 29232 | Lair:5   | Reached skill level 9 in Ice Magic
 29352 | Lair:5   | Received a gift from Nemelex Xobeh
 29434 | Lair:5   | Reached skill level 4 in Conjurations
 29495 | Lair:5   | Noticed an eight-headed hydra
 30025 | Lair:5   | Received a gift from Nemelex Xobeh
 30537 | Lair:5   | Killed an eight-headed hydra
 30538 | Lair:5   | Reached skill level 5 in Conjurations
 30693 | Lair:5   | Reached XP level 14. HP: 84/100 MP: 1/21
 31379 | Lair:6   | Entered Level 6 of the Lair of Beasts
 31391 | Lair:6   | Noticed a quicksilver ooze
 31391 | Lair:6   | a death yak changed into a quicksilver ooze
 31391 | Lair:6   | Noticed an entropy weaver
 31391 | Lair:6   | a death yak changed into an entropy weaver
 31400 | Lair:5   | HP: 9/100 [komodo dragon (2)]
 31401 | Lair:5   | Slain by a komodo dragon

Vanquished Creatures
  Josephine (Lair:4)
  3 hydras
  A boulder beetle (Lair:3)
  3 two-headed ogres
  5 death yaks
  Pikel (D:8)
  2 merfolk sirens (Lair:2)
  2 black mambas (Lair:5)
  A torpor snail (Lair:2)
  Psyche (D:8)
  7 cane toads
  2 rime drakes
  5 komodo dragons
  A meliai (D:10)
  A hornet (Lair:4)
  A troll (D:7)
  A nameless horror (Lair:4)
  Grinder (D:6)
  A raiju (Lair:6)
  2 dream sheep (Lair:1)
  8 blink frogs (Lair:4)
  A spriggan (D:10)
  5 wraiths
  3 wyverns
  32 yaks
  2 dancing weapons (D:8)
  A basilisk (D:8)
  2 steam dragons
  An acid dragon (D:10)
  13 water moccasins
  4 orc warriors
  A black bear (D:5)
  A sky beast (D:8)
  2 ice beasts
  2 necrophages
  7 centaurs
  A tengu (D:10)
  2 phantoms
  An ogre (D:6)
  4 kobold brigands
  A lemure (D:8)
  10 bullfrogs
  2 wyvern zombies
  2 gnoll sergeants
  A water moccasin zombie (D:6)
  A water moccasin skeleton (D:5)
  5 killer bees (D:9)
  6 wights
  6 electric eels
  3 jellies
  A bullfrog zombie (D:5)
  3 centaur zombies
  3 orc priests
  A gnoll shaman (D:5)
  2 bullfrog skeletons
  4 hounds
  6 iguanas
  2 orc wizards
  21 gnolls
  A howler monkey skeleton (D:6)
  2 adders (D:5)
  4 shadow imps
  2 white imps
  3 adder skeletons
  A worm (D:10)
  4 dart slugs (D:1)
  31 orcs
  6 endoplasms
  6 giant cockroaches
  6 goblins
  6 hobgoblins
  A quokka (D:2)
  11 ball pythons
  14 bats
  4 frilled lizards
  19 kobolds
  7 rats
343 creatures vanquished.

Vanquished Creatures (collateral kills)
  2 hydras (Lair:3)
  A two-headed ogre (D:9)
  A guardian serpent (D:10)
  2 wyverns
  An orc warrior (D:8)
  A sky beast (D:7)
  A lemure (D:8)
  A nameless horror (Lair:5)
  A gnoll sergeant (D:9)
  10 wights
  A gnoll shaman (D:8)
  An orc priest (D:3)
  A gnoll (D:8)
  A shadow imp (D:3)
  A white imp (D:7)
  An orc (D:5)
27 creatures vanquished.

Vanquished Creatures (others)
  12 dancing weapons
  An orc wizard (D:8)
  2 bushes (D:9)
  21 fungi
  127 plants
163 creatures vanquished.

Grand Total: 533 creatures vanquished

Table legend: (Time is in decaauts)
 A = Elapsed time spent in this place.
 B = Non-inter-level travel time spent in this place.
 C = Inter-level travel time spent in this place.
 D = Time resting spent in this place.
 E = Time spent auto-exploring this place.
 F = Levels seen in this place.
 G = Mean time per level.
                   A        B        C        D        E       F      G
               +--------+--------+--------+--------+--------+-----+--------+
         Total |  31524 |  30069 |   1455 |   6821 |  17667 |  18 | 1751.3 |
       Dungeon |  22004 |  20908 |   1096 |   5667 |  10971 |  10 | 2200.4 |
        Temple |    287 |    244 |     43 |      0 |    237 |   1 |  287.0 |
          Lair |   9227 |   8911 |    316 |   1154 |   6458 |   6 | 1537.8 |
      Ice Cave |      5 |      5 |      0 |      0 |      0 |   1 |    5.0 |
               +--------+--------+--------+--------+--------+-----+--------+

Top non-repeatable levels by time:
     D:8: 3606 daAuts
     D:7: 2910 daAuts
     D:5: 2837 daAuts
     D:4: 2770 daAuts
     D:9: 2617 daAuts
  Lair:2: 2224 daAuts
  Lair:5: 2174 daAuts
    D:10: 1907 daAuts
  Lair:4: 1864 daAuts
  Lair:1: 1729 daAuts
     D:6: 1597 daAuts
     D:3: 1439 daAuts
     D:1: 1306 daAuts
  Lair:3: 1216 daAuts
     D:2: 1012 daAuts

Table legend:
 A = Non-vault XP
 B = Vault XP
 C = Vault XP percentage of total XP
 D = Non-vault monster count
 E = Vault monster count
 F = Vault count percentage of total count
                 A         B        C        D         E       F
            +---------+---------+-------+---------+---------+-------
      Total |   35600 |   10789 |  23.3 |     302 |      63 |  17.3
            +---------+---------+-------+---------+---------+-------
        D:1 |      51 |       7 |  12.1 |      30 |       4 |  11.8
        D:2 |      30 |       0 |   0.0 |      11 |       0 |   0.0
        D:3 |      92 |      75 |  44.9 |      18 |       4 |  18.2
        D:4 |     407 |       0 |   0.0 |      21 |       0 |   0.0
        D:5 |     932 |      13 |   1.4 |      19 |       1 |   5.0
        D:6 |    1004 |     272 |  21.3 |      23 |       1 |   4.2
        D:7 |    1308 |       0 |   0.0 |      25 |       0 |   0.0
        D:8 |    1418 |    3291 |  69.9 |      28 |      16 |  36.4
        D:9 |    3723 |    1008 |  21.3 |      39 |       3 |   7.1
       D:10 |    1722 |    2361 |  57.8 |       9 |      13 |  59.1
     Lair:1 |    3368 |       0 |   0.0 |      15 |       0 |   0.0
     Lair:2 |    3236 |    2017 |  38.4 |      17 |      16 |  48.5
     Lair:3 |    4356 |       0 |   0.0 |       9 |       0 |   0.0
     Lair:4 |    6682 |    1745 |  20.7 |      21 |       5 |  19.2
     Lair:5 |    6947 |       0 |   0.0 |      15 |       0 |   0.0
     Lair:6 |     324 |       0 |   0.0 |       2 |       0 |   0.0
            +---------+---------+-------+---------+---------+-------
